General information
- name: BNet
- type: Ladder team game (AT/RT)
- host: Battle.net
- saver: play4funNot2win
map: Cherryville
- players: 8
- length: 52:53
- speed: Fast
- version: 1.28 W3XP
- replay type: Public
» download(347 KB)
Players
team 1 (winner)
DerkaDerka (
red | 58 APM | 2263 actions | 38:58)
6 Death Knight
3 Death Coil
2 Unholy Aura
1 Animate Dead
6 Lich
3 Frost Nova
2 Frost Armor
1 Death and Decay
» actions
| Assign group hotkey | 32 | |
| Basic commands | 1 | |
| Build / train | 79 | |
| Enter build submenu | 22 | |
| Enter hero's abilities submenu | 12 | |
| Give item / drop item | 4 | |
| Remove unit from queue | 11 | |
| Right click | 1508 | |
| Select / deselect | 345 | |
| Select group hotkey | 138 | |
| Use ability | 111 | |
2263 total
» units
| Acolyte | 4 | |
| Ghoul | 4 | |
| Crypt Fiend | 14 | |
| Frost Wyrm | 7 | |
29 total
» upgrades
| Creature Attack | 3 | |
| Web | 1 | |
| Creature Carapace | 3 | |
| Freezing Breath | 1 | |
8 total
» buildings
| Altar of Darkness | 1 | |
| Ziggurat | 9 | |
| Crypt | 1 | |
| Graveyard | 1 | |
| Nerubian Tower | 3 | |
| Tomb of Relics | 1 | |
| Halls of the Dead | 2 | |
| Black Citadel | 1 | |
| Sacrificial Pit | 1 | |
| Boneyard | 2 | |
22 total
» build order
00:13 Altar of Darkness
00:15 Ziggurat
00:38 Crypt
00:58 Graveyard
01:07 Nerubian Tower
01:33 Tomb of Relics
01:37 Ziggurat
03:25 Halls of the Dead
03:26 Halls of the Dead
04:19 Ziggurat
04:22 Ziggurat
06:51 Black Citadel
07:52 Sacrificial Pit
07:57 Ziggurat
09:15 Boneyard
09:17 Boneyard
13:27 Ziggurat
14:06 Ziggurat
17:14 Ziggurat
17:16 Ziggurat
19:05 Nerubian Tower
19:10 Nerubian Tower
» items
| Rod of Necromancy | 2 | |
| Dust of Appearance | 2 | |
| Orb of Corruption | 1 | |
| Healing Salve | 1 | |
| Scroll of Town Portal | 1 | |
7 total
play4funNot2win (
pink | 80 APM | 4245 actions | 52:53)
8 Archmage
3 Summon Water Elemental
3 Brilliance Aura
1 Mass Teleport
1 Blizzard
1 Tauren Chieftain
1 Shockwave
» actions
| Assign group hotkey | 100 | |
| Basic commands | 437 | |
| Build / train | 232 | |
| ESC pressed | 16 | |
| Enter build submenu | 74 | |
| Enter hero's abilities submenu | 9 | |
| Give item / drop item | 16 | |
| Right click | 1213 | |
| Select / deselect | 684 | |
| Select group hotkey | 1157 | |
| Use ability | 307 | |
4245 total
» units
| Peasant | 16 | |
| Footman | 6 | |
| Goblin Shredder | 5 | |
| Rifleman | 13 | |
| Sorceress | 2 | |
| Priest | 2 | |
| Gryphon Rider | 5 | |
| Mortar Team | 2 | |
51 total
» upgrades
| Gunpowder | 3 | |
| Armor | 4 | |
| Masonry | 3 | |
| Long Rifles | 1 | |
| Sorceress Training | 2 | |
| Priest Training | 2 | |
| Swords | 3 | |
| Animal War Training | 1 | |
| Lumber Harvesting | 2 | |
| Storm Hammers | 1 | |
| Cloud | 1 | |
| Control Magic | 1 | |
| Plating | 3 | |
| Fragmentation Shards | 1 | |
| Barrage | 1 | |
| Flak Cannons | 1 | |
| Flying Machine Bombs | 1 | |
| Flare | 1 | |
32 total
» buildings
| Altar of Kings | 1 | |
| Farm | 9 | |
| Barracks | 2 | |
| Arcane Vault | 2 | |
| Lumber Mill | 1 | |
| Blacksmith | 1 | |
| Keep | 2 | |
| Town Hall | 5 | |
| Scout Tower | 54 | |
| Guard Tower | 93 | |
| Castle | 2 | |
| Arcane Sanctum | 2 | |
| Gryphon Aviary | 3 | |
| Workshop | 2 | |
179 total
» build order
00:32 Altar of Kings
00:36 Farm
01:06 Barracks
01:16 Farm
01:33 Farm
02:03 Arcane Vault
02:26 Lumber Mill
02:31 Farm
03:04 Blacksmith
03:34 Keep
03:34 Keep
03:46 Farm
05:05 Town Hall
05:08 Scout Tower
05:09 Scout Tower
05:10 Scout Tower
05:43 Guard Tower
05:43 Guard Tower
06:32 Guard Tower
06:33 Guard Tower
07:23 Scout Tower
07:25 Scout Tower
07:52 Scout Tower
07:54 Scout Tower
07:56 Guard Tower
08:07 Scout Tower
08:10 Castle
08:10 Castle
08:33 Guard Tower
08:33 Guard Tower
08:33 Guard Tower
08:34 Guard Tower
08:35 Guard Tower
08:35 Guard Tower
09:04 Farm
10:01 Arcane Sanctum
10:04 Arcane Sanctum
10:08 Barracks
11:52 Gryphon Aviary
12:12 Gryphon Aviary
12:46 Gryphon Aviary
16:23 Scout Tower
16:28 Scout Tower
17:03 Guard Tower
17:03 Guard Tower
17:03 Guard Tower
17:19 Workshop
17:20 Workshop
17:43 Farm
17:44 Farm
17:45 Farm
18:33 Scout Tower
18:34 Scout Tower
18:34 Scout Tower
19:09 Guard Tower
19:10 Guard Tower
19:10 Guard Tower
19:43 Guard Tower
19:43 Guard Tower
20:12 Guard Tower
20:12 Guard Tower
20:12 Guard Tower
20:16 Scout Tower
20:18 Scout Tower
20:37 Scout Tower
20:38 Scout Tower
21:01 Guard Tower
21:01 Guard Tower
21:01 Guard Tower
21:34 Guard Tower
21:34 Guard Tower
24:17 Scout Tower
24:19 Scout Tower
24:20 Scout Tower
24:21 Scout Tower
24:41 Town Hall
24:44 Scout Tower
24:44 Scout Tower
24:46 Scout Tower
24:47 Scout Tower
24:49 Scout Tower
24:50 Scout Tower
24:51 Scout Tower
24:51 Scout Tower
24:52 Scout Tower
24:55 Scout Tower
25:05 Guard Tower
25:05 Guard Tower
25:06 Guard Tower
25:18 Guard Tower
25:18 Guard Tower
25:20 Guard Tower
25:20 Guard Tower
25:21 Guard Tower
25:21 Guard Tower
27:15 Town Hall
27:18 Scout Tower
27:18 Scout Tower
27:20 Scout Tower
27:21 Scout Tower
27:22 Scout Tower
27:23 Scout Tower
27:24 Scout Tower
27:24 Scout Tower
27:25 Scout Tower
27:26 Scout Tower
28:07 Guard Tower
28:07 Guard Tower
28:07 Guard Tower
28:18 Guard Tower
28:19 Guard Tower
28:19 Guard Tower
28:20 Guard Tower
28:21 Guard Tower
28:21 Guard Tower
28:23 Guard Tower
28:23 Guard Tower
28:23 Guard Tower
28:24 Guard Tower
29:50 Guard Tower
32:14 Arcane Vault
33:15 Scout Tower
33:16 Scout Tower
33:16 Scout Tower
33:17 Scout Tower
33:18 Scout Tower
33:22 Scout Tower
33:23 Scout Tower
33:23 Scout Tower
33:24 Scout Tower
33:25 Scout Tower
33:26 Scout Tower
33:30 Scout Tower
33:33 Scout Tower
33:48 Guard Tower
33:48 Guard Tower
33:54 Guard Tower
33:55 Guard Tower
33:55 Guard Tower
34:11 Guard Tower
34:11 Guard Tower
34:11 Guard Tower
34:13 Guard Tower
34:13 Guard Tower
34:14 Guard Tower
34:14 Guard Tower
34:21 Guard Tower
34:21 Guard Tower
34:21 Guard Tower
35:03 Guard Tower
35:04 Guard Tower
35:04 Guard Tower
49:42 Town Hall
51:30 Town Hall
» items
| Scroll of Regeneration | 1 | |
| Healing Salve | 2 | |
| Lesser Clarity Potion | 1 | |
| Periapt of Vitality | 1 | |
| Scroll of Town Portal | 2 | |
| Orb of Corruption | 1 | |
| Orb of Lightning | 1 | |
| Tiny Great Hall | 1 | |
| Mechanical Critter | 2 | |
| Staff of Teleportation | 1 | |
13 total

»
quincytacoilly (
green | 72 APM | 2981 actions | 41:19)
5 Tauren Chieftain
2 Shockwave
1 Endurance Aura
2 War Stomp
» actions
| Assign group hotkey | 20 | |
| Basic commands | 5 | |
| Build / train | 62 | |
| ESC pressed | 1 | |
| Enter build submenu | 35 | |
| Enter hero's abilities submenu | 5 | |
| Give item / drop item | 3 | |
| Remove unit from queue | 7 | |
| Right click | 1257 | |
| Select / deselect | 380 | |
| Select group hotkey | 1142 | |
| Use ability | 64 | |
2981 total
» units
| Peon | 9 | |
| Grunt | 3 | |
| Troll Headhunter/Berserker | 7 | |
| Kodo Beast | 2 | |
| Raider | 3 | |
| Tauren | 4 | |
28 total
» upgrades
| Spiked Barricades | 1 | |
| Ranged Weapons | 1 | |
| Melee Weapons | 3 | |
| War Drums Damage Increase | 2 | |
| Berserker Upgrade | 1 | |
| Reinforced Defenses | 1 | |
| Ensnare | 1 | |
| Pulverize | 1 | |
| Armor | 1 | |
| Pillage | 1 | |
13 total
» buildings
| Altar of Storms | 1 | |
| Orc Burrow | 9 | |
| Barracks | 1 | |
| War Mill | 2 | |
| Voodoo Lounge | 1 | |
| Stronghold | 1 | |
| Watch Tower | 4 | |
| Fortress | 1 | |
| Beastiary | 1 | |
| Great Hall | 4 | |
| Tauren Totem | 3 | |
28 total
» build order
00:10 Altar of Storms
00:24 Orc Burrow
00:37 Barracks
01:38 War Mill
02:11 Orc Burrow
02:25 Voodoo Lounge
03:24 Stronghold
03:31 Watch Tower
04:11 Orc Burrow
05:15 Watch Tower
06:30 Fortress
06:46 Beastiary
07:39 Orc Burrow
08:09 Great Hall
09:17 Orc Burrow
13:06 Tauren Totem
13:11 Tauren Totem
13:21 Watch Tower
15:03 Great Hall
15:25 Tauren Totem
17:24 Orc Burrow
18:41 Orc Burrow
20:32 Orc Burrow
22:49 Great Hall
22:54 Great Hall
23:46 Orc Burrow
23:50 Watch Tower
24:21 War Mill
» items
| Healing Salve | 3 | |
| Boots of Speed | 1 | |
| Staff of Teleportation | 1 | |
| Orb of Corruption | 1 | |
| Scroll of Town Portal | 1 | |
7 total
idc (
teal | 107 APM | 4178 actions | 39:01)
7 Death Knight
3 Death Coil
3 Unholy Aura
1 Animate Dead
6 Lich
3 Frost Nova
2 Frost Armor
1 Death and Decay
2 Pit Lord
2 Howl of Terror
» actions
| Assign group hotkey | 16 | |
| Basic commands | 31 | |
| Build / train | 113 | |
| ESC pressed | 3 | |
| Enter build submenu | 26 | |
| Enter hero's abilities submenu | 15 | |
| Give item / drop item | 5 | |
| Right click | 2180 | |
| Select / deselect | 453 | |
| Select group hotkey | 1136 | |
| Use ability | 200 | |
4178 total
» units
| Acolyte | 14 | |
| Ghoul | 4 | |
| Crypt Fiend | 14 | |
| Frost Wyrm | 8 | |
40 total
» upgrades
| Creature Attack | 3 | |
| Web | 1 | |
| Creature Carapace | 2 | |
| Freezing Breath | 1 | |
7 total
» buildings
| Graveyard | 1 | |
| Crypt | 1 | |
| Altar of Darkness | 1 | |
| Ziggurat | 12 | |
| Tomb of Relics | 1 | |
| Nerubian Tower | 2 | |
| Halls of the Dead | 2 | |
| Necropolis | 1 | |
| Spirit Tower | 8 | |
| Black Citadel | 1 | |
| Sacrificial Pit | 1 | |
| Boneyard | 3 | |
34 total
» build order
00:04 Graveyard
00:06 Crypt
00:40 Altar of Darkness
00:55 Ziggurat
01:33 Tomb of Relics
02:09 Ziggurat
02:38 Nerubian Tower
05:00 Halls of the Dead
05:00 Halls of the Dead
05:14 Ziggurat
05:34 Ziggurat
05:45 Necropolis
05:48 Ziggurat
06:25 Spirit Tower
06:44 Spirit Tower
06:45 Spirit Tower
08:02 Spirit Tower
08:50 Black Citadel
09:34 Sacrificial Pit
12:40 Boneyard
13:07 Boneyard
13:10 Boneyard
13:13 Ziggurat
15:16 Ziggurat
15:19 Ziggurat
19:59 Ziggurat
20:01 Ziggurat
20:02 Ziggurat
21:55 Ziggurat
» items
| Rod of Necromancy | 1 | |
| Sacrificial Skull | 1 | |
| Scroll of Town Portal | 5 | |
| Potion of Healing | 3 | |
| Dust of Appearance | 1 | |
| Orb of Corruption | 1 | |
| Potion of Mana | 2 | |
| Scroll of Healing | 1 | |
| Scroll of Speed | 2 | |
17 total
team 2 (loser)

»
DM.RedPanda (
yellow | 42 APM | 2244 actions | 52:53)
4 Death Knight
2 Death Coil
2 Unholy Aura
» actions
| Assign group hotkey | 34 | |
| Basic commands | 63 | |
| Build / train | 61 | |
| Enter build submenu | 22 | |
| Enter hero's abilities submenu | 4 | |
| Right click | 959 | |
| Select / deselect | 521 | |
| Select group hotkey | 506 | |
| Use ability | 74 | |
2244 total
» units
| Acolyte | 9 | |
| Ghoul | 7 | |
| Crypt Fiend | 12 | |
| Obsidian Statue | 6 | |
34 total
» upgrades
| Creature Attack | 3 | |
| Web | 1 | |
| Destroyer Form | 1 | |
| Creature Carapace | 1 | |
6 total
» buildings
| Altar of Darkness | 1 | |
| Ziggurat | 11 | |
| Crypt | 2 | |
| Graveyard | 1 | |
| Nerubian Tower | 1 | |
| Tomb of Relics | 1 | |
| Halls of the Dead | 1 | |
| Spirit Tower | 6 | |
| Slaughterhouse | 2 | |
| Black Citadel | 2 | |
28 total
» build order
00:13 Altar of Darkness
00:17 Ziggurat
00:39 Crypt
01:14 Graveyard
01:28 Ziggurat
01:49 Nerubian Tower
02:02 Ziggurat
02:32 Tomb of Relics
03:43 Ziggurat
03:45 Ziggurat
03:49 Ziggurat
03:55 Crypt
04:29 Halls of the Dead
06:05 Spirit Tower
07:01 Slaughterhouse
07:35 Ziggurat
09:10 Spirit Tower
09:43 Black Citadel
10:14 Spirit Tower
11:45 Spirit Tower
11:45 Spirit Tower
13:31 Slaughterhouse
17:05 Ziggurat
17:06 Ziggurat
17:06 Ziggurat
17:06 Ziggurat
21:02 Spirit Tower
» items
| Rod of Necromancy | 2 | |
| Scroll of Town Portal | 1 | |
3 total
87IQPrettySmart (
purple | 55 APM | 2864 actions | 52:28)
10 Blademaster
3 Wind Walk
3 Critical Strike
1 Bladestorm
3 Mirror Image
» actions
| Assign group hotkey | 31 | |
| Basic commands | 166 | |
| Build / train | 92 | |
| Enter build submenu | 65 | |
| Enter hero's abilities submenu | 10 | |
| Give item / drop item | 15 | |
| Remove unit from queue | 2 | |
| Right click | 1251 | |
| Select / deselect | 614 | |
| Select group hotkey | 332 | |
| Use ability | 286 | |
2864 total
» units
| Peon | 18 | |
| Grunt | 5 | |
| Goblin Shredder | 5 | |
| Goblin Zeppelin | 2 | |
| Goblin Sapper | 6 | |
| Troll Batrider | 7 | |
| Wind Rider | 2 | |
45 total
» upgrades
| Reinforced Defenses | 1 | |
| Ranged Weapons | 3 | |
| Armor | 3 | |
| Pillage | 1 | |
| Troll Regeneration | 1 | |
| Liquid Fire | 1 | |
| Envenomed Spears | 1 | |
| Ensnare | 1 | |
| Melee Weapons | 1 | |
13 total
» buildings
| Orc Burrow | 4 | |
| Altar of Storms | 1 | |
| Barracks | 1 | |
| Voodoo Lounge | 1 | |
| Stronghold | 1 | |
| War Mill | 2 | |
| Great Hall | 7 | |
| Watch Tower | 53 | |
| Fortress | 1 | |
| Beastiary | 4 | |
75 total
» build order
00:13 Orc Burrow
00:52 Altar of Storms
00:53 Barracks
01:07 Orc Burrow
01:49 Voodoo Lounge
03:02 Stronghold
03:50 War Mill
03:56 Orc Burrow
05:34 Great Hall
06:09 Watch Tower
06:10 Watch Tower
06:10 Watch Tower
06:13 Watch Tower
06:13 Watch Tower
06:14 Watch Tower
06:15 Watch Tower
06:51 Fortress
07:32 Orc Burrow
08:45 Watch Tower
08:46 Watch Tower
08:48 Watch Tower
08:49 Watch Tower
09:08 Watch Tower
09:10 Watch Tower
09:14 Watch Tower
11:10 Watch Tower
11:10 Watch Tower
11:11 Watch Tower
12:50 Watch Tower
12:50 Watch Tower
12:51 Watch Tower
14:11 Watch Tower
14:14 Watch Tower
14:17 Watch Tower
15:49 Watch Tower
15:50 Watch Tower
17:03 War Mill
18:58 Beastiary
19:01 Beastiary
19:02 Beastiary
19:04 Beastiary
20:30 Watch Tower
20:30 Watch Tower
21:40 Watch Tower
21:42 Watch Tower
21:46 Watch Tower
25:27 Great Hall
25:29 Watch Tower
25:30 Watch Tower
25:30 Watch Tower
25:31 Watch Tower
25:31 Watch Tower
25:32 Watch Tower
25:39 Great Hall
25:41 Watch Tower
25:41 Watch Tower
25:43 Watch Tower
25:43 Watch Tower
25:44 Watch Tower
25:44 Watch Tower
25:51 Great Hall
32:17 Great Hall
33:17 Watch Tower
33:19 Watch Tower
34:54 Great Hall
34:56 Watch Tower
34:57 Watch Tower
34:57 Watch Tower
34:59 Watch Tower
34:59 Watch Tower
40:12 Great Hall
» items
| Healing Salve | 4 | |
| Potion of Healing | 2 | |
| Scroll of Town Portal | 3 | |
| Lesser Clarity Potion | 2 | |
| Potion of Mana | 4 | |
| Orb of Corruption | 1 | |
| Staff of Teleportation | 1 | |
| Boots of Speed | 1 | |
| Potion of Lesser Invulnerability | 1 | |
19 total
dinan_6 (
blue | 53 APM | 2826 actions | 52:53)
7 Blademaster
3 Wind Walk
3 Critical Strike
1 Bladestorm
4 Shadow Hunter
2 Hex
2 Healing Wave
» actions
| Assign group hotkey | 26 | |
| Basic commands | 40 | |
| Build / train | 81 | |
| Enter build submenu | 25 | |
| Enter hero's abilities submenu | 12 | |
| Give item / drop item | 5 | |
| Remove unit from queue | 1 | |
| Right click | 1236 | |
| Select / deselect | 268 | |
| Select group hotkey | 932 | |
| Use ability | 200 | |
2826 total
» units
| Peon | 14 | |
| Wind Rider | 10 | |
| Troll Batrider | 7 | |
31 total
» upgrades
| Reinforced Defenses | 1 | |
| Liquid Fire | 1 | |
| Ranged Weapons | 3 | |
| Armor | 2 | |
| Envenomed Spears | 1 | |
8 total
» buildings
| Altar of Storms | 1 | |
| Orc Burrow | 8 | |
| Voodoo Lounge | 2 | |
| Stronghold | 1 | |
| War Mill | 1 | |
| Great Hall | 1 | |
| Watch Tower | 22 | |
| Beastiary | 3 | |
| Fortress | 2 | |
41 total
» build order
00:07 Altar of Storms
00:17 Orc Burrow
00:50 Voodoo Lounge
02:11 Stronghold
02:19 War Mill
02:45 Orc Burrow
03:19 Great Hall
04:54 Watch Tower
04:54 Watch Tower
04:54 Watch Tower
05:05 Watch Tower
05:31 Beastiary
06:21 Fortress
06:21 Fortress
06:44 Beastiary
07:04 Watch Tower
07:09 Watch Tower
08:36 Orc Burrow
09:19 Orc Burrow
13:39 Watch Tower
13:47 Beastiary
13:51 Orc Burrow
13:52 Orc Burrow
14:35 Watch Tower
14:36 Watch Tower
14:37 Watch Tower
14:38 Watch Tower
14:39 Watch Tower
14:39 Watch Tower
20:26 Watch Tower
21:07 Watch Tower
21:07 Watch Tower
21:08 Watch Tower
21:29 Orc Burrow
22:58 Watch Tower
22:58 Watch Tower
22:59 Watch Tower
23:00 Watch Tower
23:00 Watch Tower
24:28 Orc Burrow
34:41 Voodoo Lounge
» items
| Healing Salve | 5 | |
| Lesser Clarity Potion | 2 | |
| Potion of Healing | 1 | |
| Potion of Mana | 2 | |
| Potion of Lesser Invulnerability | 2 | |
| Scroll of Town Portal | 7 | |
| Scroll of Healing | 2 | |
| Orb of Lightning | 1 | |
| Staff of Teleportation | 1 | |
23 total

»
ACE_coyne (
orange | 43 APM | 1236 actions | 28:43)
5 Keeper of the Grove
3 Entangling Roots
2 Thorns Aura
» actions
| Assign group hotkey | 27 | |
| Basic commands | 20 | |
| Build / train | 78 | |
| Enter build submenu | 16 | |
| Enter hero's abilities submenu | 5 | |
| Remove unit from queue | 3 | |
| Right click | 393 | |
| Select / deselect | 253 | |
| Select group hotkey | 394 | |
| Use ability | 47 | |
1236 total
» units
| Wisp | 20 | |
| Archer | 12 | |
| Hippogryph | 13 | |
| Chimaera | 13 | |
58 total
» upgrades
| Improved Bows | 1 | |
| Strength of the Moon | 1 | |
| Strength of the Wild | 3 | |
| Corrosive Breath | 1 | |
| Reinforced Hides | 2 | |
8 total
» buildings
| Altar of Elders | 1 | |
| Moon Well | 8 | |
| Ancient of War | 1 | |
| Tree of Ages | 1 | |
| Ancient of Wind | 1 | |
| Hunter's Hall | 1 | |
| Tree of Life | 1 | |
| Tree of Eternity | 1 | |
| Chimaera Roost | 3 | |
18 total
» build order
00:12 Altar of Elders
00:16 Moon Well
00:31 Ancient of War
01:43 Moon Well
02:44 Moon Well
04:20 Tree of Ages
05:11 Moon Well
06:50 Ancient of Wind
07:01 Hunter's Hall
07:17 Tree of Life
09:22 Tree of Eternity
11:55 Chimaera Roost
11:57 Chimaera Roost
11:59 Chimaera Roost
13:01 Moon Well
13:04 Moon Well
13:07 Moon Well
23:43 Moon Well
» items
Chat log
(00:59 / All) idc: hey guys
(01:02 / Allies) quincytacoilly: hey
(01:02 / All) idc: i play for fun, not to win
(01:13 / All) 87IQPrettySmart: GAS THE KYKES
(01:14 / All) 87IQPrettySmart: RACE WAR NOW
(01:20 / All) idc: i may be absolutely terrible at this game
(01:24 / All) idc: but i play for fun
(01:26 / All) idc: ok, dylann roof
(01:27 / All) play4funNot2win: same
(01:28 / All) idc: stfu now
(01:33 / All) 87IQPrettySmart: KYKE SPOTTED
(01:37 / All) play4funNot2win: i play 4 fun
(01:38 / All) play4funNot2win: NOT 2 win
(01:40 / All) 87IQPrettySmart: LET'S PUT THIS KYKE TEAL IN AN OVEN
(01:57 / All) idc: you know, i actually am jewish
(02:02 / All) idc: but im not offended
(02:05 / All) idc: you troll
(02:17 / All) 87IQPrettySmart: NOT TROLLING, JEWS ARE HORRIBLE PEOPLE
(02:27 / All) idc: whatd they do to you?
(02:41 / All) 87IQPrettySmart: *puts a crisp 1 dollar bill in the back of the oven*
(02:44 / All) 87IQPrettySmart: Go get it jew!
(03:39 / All) idc: jews do like money
(03:45 / All) idc: but so does everybody else
(09:02 / Allies) DerkaDerka: hit him
(09:04 / All) 87IQPrettySmart: game of inches
(09:38 / Allies) quincytacoilly: 100 lum pls
(12:16 / All) 87IQPrettySmart: god I hate double dk
(13:04 / Allies) idc: b
(13:26 / Allies) idc: nvm
(13:32 / Allies) DerkaDerka: thx fr healing teal
(13:36 / Allies) play4funNot2win: yw
(13:37 / Allies) idc: np
(13:38 / Allies) DerkaDerka: saved my ass
(13:42 / Allies) idc: he almost killed you
(13:44 / Allies) idc: when i was hexed
(13:49 / Allies) DerkaDerka: ya :)
(14:03 / Allies) DerkaDerka: ty
(14:37 / Allies) idc: wood plz
(14:39 / Allies) idc: pinj
(14:40 / Allies) idc: pink
(14:41 / Allies) idc: spend?
(14:47 / Allies) play4funNot2win: ?
(14:48 / Allies) DerkaDerka: need dusts
(14:48 / Allies) idc: i think pink is afk
(15:42 / Allies) DerkaDerka: time to take care of him
(15:48 / Allies) quincytacoilly: kill purp
(16:02 / Allies) quincytacoilly: wow
(16:07 / Allies) quincytacoilly: got to be kidding me
(17:30 / Allies) idc: bad tp
(17:40 / Allies) idc: go
(19:30 / Allies) idc: we lose
(19:34 / Allies) play4funNot2win: fight noobs
(20:07 / Allies) play4funNot2win: counter yellow slaves
(20:16 / Allies) idc: pink
(20:19 / Allies) idc: can you bring units, please?
(20:27 / Allies) play4funNot2win: i bring my arch mage, my slave
(20:40 / Allies) idc: you have 8k gold
(20:45 / Allies) play4funNot2win: yes slave i understand
(20:54 / Allies) play4funNot2win: and you will win for me or die trying
(21:06 / All) idc: pink is tking
(21:09 / All) play4funNot2win: no I'm not
(21:19 / All) idc: he has 8k gold
(21:20 / All) play4funNot2win: I just called you my slave
(21:25 / All) play4funNot2win: and I'm hoarding gold
(21:28 / All) play4funNot2win: how's that tking, slave
(22:13 / Allies) DerkaDerka: help
(22:38 / All) dinan_6: damn
(22:41 / Allies) DerkaDerka: nooo
(22:41 / All) dinan_6: 3 tps for one bm
(22:48 / Allies) play4funNot2win: good defense, my slaves
(23:17 / Allies) play4funNot2win: be ready to defend this attack slaves
(23:33 / All) idc: pink doesnt play to win
(23:35 / All) idc: he plays to lose
(23:39 / All) play4funNot2win: I play 4 fun
(23:40 / All) play4funNot2win: not 2 win
(23:46 / All) 87IQPrettySmart: he plays 2 hav fun
(23:59 / Allies) idc: ignore
(24:00 / Allies) idc: let me die
(24:06 / All) dinan_6: out teal
(24:08 / All) dinan_6: out
(24:08 / Allies) play4funNot2win: let this slave die
(24:13 / All) dinan_6: 1v4 u nab
(24:16 / Allies) DerkaDerka: main
(24:25 / Allies) DerkaDerka: main teal
(24:30 / Allies) DerkaDerka: then chims
(25:12 / Allies) idc: our odds of winning
(25:18 / Allies) idc: would increase fifty-fold
(25:19 / Allies) idc: if pink left
(25:26 / Allies) play4funNot2win: you are my slave you will do what you are told
(26:07 / All) 87IQPrettySmart: I got none of that sweet exp
(26:11 / Allies) play4funNot2win: give me level 6, slaves
(26:22 / Allies) play4funNot2win: good slaves
(26:32 / Allies) play4funNot2win: yes you are, you are good slaves
(26:43 / Allies) idc: pin
(26:44 / Allies) idc: pink
(26:50 / Allies) idc: you may be having fun
(26:52 / Allies) idc: but im not
(26:54 / Allies) idc: so shut the fuck up
(26:58 / Allies) play4funNot2win: it's not all about you
(27:03 / Allies) play4funNot2win: be more stoic and accept your position as my slave
(27:06 / Allies) idc: nobody is having fun
(27:09 / Allies) idc: except you
(27:10 / Allies) play4funNot2win: i am having fun
(27:13 / Allies) idc: because you're choosing not to play
(27:18 / Allies) idc: this is a team game
(27:24 / Allies) idc: and you're choosing not to play
(27:28 / Allies) idc: thats not fun for anybody but you
(27:30 / Allies) play4funNot2win: I am playing
(27:31 / Allies) idc: you selfish prick
(27:31 / Allies) idc: stfu
(27:33 / Allies) idc: no
(27:34 / Allies) idc: you're not
(27:39 / Allies) quincytacoilly: gold pls
(27:48 / Allies) quincytacoilly: just 100
(28:30 / All) 87IQPrettySmart: cunt
(28:36 / All) ACE_coyne: gg
(28:45 / Allies) play4funNot2win: you need to get better slaves
(28:46 / All) 87IQPrettySmart: lawl
(28:50 / Allies) play4funNot2win: can you beat the enemies for me?
(29:15 / Allies) play4funNot2win: you all seem, as a matter of fact quite noobish
(29:29 / All) play4funNot2win: Teal is having a slave revolt
(29:35 / All) idc: gg
(29:37 / All) idc: you won
(29:41 / All) idc: pink is opting not to play
(29:44 / All) play4funNot2win: teal, do you know how many times slaves have succeeded at rebelling against their masters alone in history?
(30:01 / All) idc: pink
(30:04 / All) idc: i will TK you
(30:08 / All) idc: every game we match together
(30:09 / All) idc: i promise
(30:12 / All) play4funNot2win: you are my slave, you cannot defeat me slave
(30:13 / All) idc: i hope youll have fun
(30:26 / All) play4funNot2win: you are a lowly slave and i am your master
(30:38 / All) idc: people who backstab their team
(30:42 / All) idc: because they cant play legit
(30:48 / All) idc: and then say they "play for fun"
(30:57 / All) idc: it's a standard WC3 archetype from 2003
(31:01 / All) play4funNot2win: accept that you will always be my slave
(31:07 / All) idc: "i'm horrible, so i afk and say i play for fun"
(31:07 / All) play4funNot2win: call me your master
(31:14 / All) play4funNot2win: and i will go 100 food and win you the game
(31:18 / Allies) quincytacoilly: control
(31:20 / All) DerkaDerka: good game...3v4 :(
(31:22 / Allies) idc: game is over
(31:23 / All) 87IQPrettySmart: how the fuck are tauren faster than bm
(31:24 / All) play4funNot2win: just call me your master, and accept your position as my 4v4 slave
(31:31 / Allies) idc: well
(31:38 / Allies) idc: pink
(31:42 / Allies) idc: if you leave
(31:43 / Allies) idc: we win
(31:48 / Allies) play4funNot2win: I am not leaving, slave
(31:50 / Allies) idc: if you stay and call people "slave" over and over again
(31:54 / Allies) idc: as if it's funny
(31:56 / Allies) idc: then we lose
(32:02 / Allies) play4funNot2win: i am not joking around, slave
(32:08 / Allies) play4funNot2win: thank you green slave
(32:25 / Allies) idc: eh
(32:29 / Allies) idc: kinda wish i left at the start
(32:32 / Allies) idc: this game sucked
(32:40 / Allies) idc: as soon as i saw pink's name
(32:42 / Allies) idc: should've legt
(32:43 / Allies) idc: left
(33:01 / Allies) DerkaDerka: teal
(33:08 / Allies) idc: doesnt matter
(33:12 / Allies) idc: they have expos
(33:14 / Allies) idc: and will mass air
(33:16 / Allies) idc: like crazy
(33:20 / Allies) play4funNot2win: I have expos, slave
(33:26 / Allies) idc: we could win with gyro
(33:30 / Allies) idc: but its not happening
(33:44 / Allies) play4funNot2win: play better, slave
(33:51 / All) 87IQPrettySmart: NIGGER
(33:52 / Allies) idc: btw, i squelched pink
(33:52 / Allies) play4funNot2win: play better and wins will come to you and i
(33:56 / All) 87IQPrettySmart: mhing NIGGER
(33:56 / Allies) idc: in case hes still talking
(33:59 / Allies) play4funNot2win: naughty slave
(34:41 / All) 87IQPrettySmart: fucking mhing cunt
(35:06 / Allies) DerkaDerka: teal u have any gold
(35:14 / All) 87IQPrettySmart: LOL
(35:19 / Allies) play4funNot2win: would my slave like some gold to help win me the game?
(35:20 / All) 87IQPrettySmart: MH ALERT
(35:28 / All) 87IQPrettySmart: total mher
(35:33 / All) play4funNot2win: red mher?
(35:36 / All) 87IQPrettySmart: Yes
(35:42 / Allies) play4funNot2win: red is this true? did you pay $50 for a maphack?
(35:53 / Allies) DerkaDerka: d&d
(36:26 / All) 87IQPrettySmart: tp staff
(36:54 / All) 87IQPrettySmart: nvm
(37:01 / All) 87IQPrettySmart: take out those undead heroes
(37:07 / All) idc: ok
(37:39 / All) 87IQPrettySmart: dude this kid mhs like crazy
(37:40 / All) 87IQPrettySmart: save my expo
(38:36 / Allies) idc: yeah
(38:37 / Allies) idc: as expected
(38:39 / Allies) idc: pink tked
(38:48 / Allies) play4funNot2win: because you are a rebellious slave who needs put down
(38:49 / Allies) idc: he "plays for fun"
(38:54 / All) DerkaDerka: took a team killer to beat us
(38:55 / All) 87IQPrettySmart: Red dk
(39:02 / All) 87IQPrettySmart: shut up mhing trash
(39:12 / All) 87IQPrettySmart: unless he has 50 shades he's a mher
(39:49 / All) 87IQPrettySmart: I was gonna take middle left but you got there before I did then I tried to take bottom 2
(39:53 / All) 87IQPrettySmart: and they had more shit than I realized
(40:01 / All) 87IQPrettySmart: and that fucked me lawl
(40:44 / All) 87IQPrettySmart: jake went MIA for some fucking reason
(41:26 / All) play4funNot2win: Bad luck, yellow
(41:29 / All) 87IQPrettySmart: yellow if you leave you get a tie
(41:48 / All) 87IQPrettySmart: that fag paid 50 bux for mh lmao
(42:05 / All) play4funNot2win: anyone maphacking on ladder today is fucking pathetic
(42:12 / All) play4funNot2win: paying $50 to hack in an ancient game
(42:16 / All) 87IQPrettySmart: he was fucking so overt at the end
(42:25 / All) 87IQPrettySmart: unless he has like tons of shades moving around
(42:35 / All) play4funNot2win: Red had 0 shades all game I think
(42:39 / All) 87IQPrettySmart: he was ready to UD spam me instantly
(42:46 / All) play4funNot2win: I saw him coil you in your main
(42:48 / All) 87IQPrettySmart: went right to tavern weere I was rezzing
(42:49 / All) play4funNot2win: he went right there from a distance
(42:54 / All) play4funNot2win: and knew there was a low hp bm
(43:02 / All) play4funNot2win: 162-151
(43:06 / All) 87IQPrettySmart: I taverned it and he attacked it right at tavern
(43:11 / All) play4funNot2win: he's above 50%, tryhard fiendbot hacker
(43:14 / All) 87IQPrettySmart: he went and attacked my expo right as I plopped it down
(43:20 / All) 87IQPrettySmart: He didn't bother attacking it when yellow just had 1 aco there
(43:28 / All) 87IQPrettySmart: but as soon as I plop it down he was there
(43:33 / All) 87IQPrettySmart: and took yellwos
(43:50 / All) 87IQPrettySmart: yellow had it for like 15 minutes, I start making it and less than 60 seconds later he was attacking it before I got towers up
(44:22 / All) play4funNot2win: Yellow, you lose
(44:23 / All) play4funNot2win: out
(44:33 / All) play4funNot2win: leave now and you get a tie, stay and you get a loss
(47:20 / All) play4funNot2win: yellow, you lose
(48:34 / All) 87IQPrettySmart: he's kill my stuff lawl
(48:37 / All) 87IQPrettySmart: helping the process
(48:42 / All) play4funNot2win: You lose, yellow
(48:50 / All) play4funNot2win: leave and you get a tie, stay and you get a loss
(52:32 / All) play4funNot2win: alright then, fine